 Dungeon Crawl Stone Soup version 0.21-a0-19-g210df22 (webtiles) character file.

18231 Chiseanne the Fighter (level 12, 0/113 HPs)
             Began as a Minotaur Gladiator on May 24, 2017.
             Was an Initiate of Gozag.
             Slain by a slime creature (12 damage)
             ... on level 12 of the Dungeon.
             The game lasted 00:28:30 (10257 turns).

Chiseanne the Fighter (Minotaur Gladiator)         Turns: 10257, Time: 00:28:30

Health: 0/113      AC: 21    Str: 18    XL:     12   Next: 25%
Magic:  11/11      EV: 20    Int:  9    God:    Gozag
Gold:   56         SH:  0    Dex: 24    Spells: 11/11 levels left

rFire    + . .     SeeInvis .   d - +2 war axe (elec)
rCold    + . .     Gourm    .   (no shield)
rNeg     . . .     Faith    .   I - +2 scale mail {rC+}
rPois    .         Spirit   .   c - +0 hat
rElec    .         Reflect  .   R - +0 cloak
rCorr    .         Harm     .   m - +2 pair of gloves {archery}
MR       .....                  F - +4 pair of boots of Soynomi {Int+4 Dex+3 Slay+2}
Stlth    +.........             G - amulet of regeneration
Regen    0.7/turn               p - +3 ring of dexterity
MPRegen  0.2/turn               H - ring of protection from fire

@: gold aura
A: retaliatory headbutt, horns 2
a: Potion Petition, Call Merchant, Bribe Branch, Renounce Religion


You were on level 12 of the Dungeon.
You worshipped Gozag.
Gozag was noncommittal.
You were not hungry.

You visited 2 branches of the dungeon, and saw 13 of its levels.

You collected 2163 gold pieces.
You spent 680 gold pieces at shops.
You paid 1427 gold pieces to Gozag.

Inventory:

Hand Weapons
 a - a +7 scimitar of flaming
 d - a +2 war axe of electrocution (weapon)
 s - a +2 falchion of protection
 w - a +0 blowgun
Missiles
 g - 44 sling bullets
 i - 150 arrows
 u - 3 tomahawks (quivered)
 A - 217 bolts
 B - 5 steel tomahawks
 E - 6 curare-tipped needles
 X - 8 throwing nets {!*}
Armour
 c - a +0 hat (worn)
 m - a +2 pair of gloves of archery (worn)
 F - the +4 pair of boots of Soynomi (worn) {Int+4 Dex+3 Slay+2}
   (You bought it in a shop on level 12 of the Dungeon)

   It affects your intelligence (+4).
   It affects your dexterity (+3).
   It affects your accuracy and damage with ranged weapons and melee attacks
   (+2).
 I - a +2 scale mail of cold resistance (worn)
 N - a +0 shield
 R - a +0 cloak (worn)
Jewellery
 p - a +3 ring of dexterity (left hand)
 G - an amulet of regeneration (around neck)
 H - a ring of protection from fire (right hand)
 W - a +3 ring of intelligence
Wands
 q - a wand of disintegration (3/24)
 O - a wand of lightning (3/15)
 S - a wand of disintegration (14/24)
 Z - a wand of disintegration (9/24)
Scrolls
 k - 2 scrolls of blinking
 l - 6 scrolls of remove curse
 n - 4 scrolls of teleportation
 C - 3 scrolls of recharging
 D - 3 scrolls of fear
 Q - 2 scrolls of magic mapping
 U - a scroll of immolation
Potions
 b - a potion of cancellation
 h - a potion of resistance {unknown}
 j - 4 potions of flight
 o - a potion of invisibility {unknown}
 r - 2 potions of magic
 t - 8 potions of curing
 y - a potion of might {unknown}
 z - a potion of ambrosia {unknown}
 L - 3 potions of brilliance
 M - a potion of berserk rage {unknown}
 P - a potion of experience {unknown}
 Y - a potion of heal wounds
Books
 K - a book of Conjurations

   Spells                             Type                      Level
   a - Magic Dart                     Conjuration                  1
   b - Searing Ray                    Conjuration                  2
   c - Dazzling Spray                 Conjuration/Hexes            3
   d - Fulminant Prism                Conjuration/Hexes            4
   e - Force Lance                    Conjuration/Translocation    4
   f - Iskenderun's Mystic Blast      Conjuration                  4
 V - a book of Party Tricks

   Spells                             Type                      Level
   a - Summon Butterflies             Summoning                    1
   b - Apportation                    Translocation                1
   c - Lesser Beckoning               Translocation                3
   d - Tukima's Dance                 Hexes                        3
   e - Alistair's Intoxication        Transmutation/Poison         5
   f - Invisibility                   Hexes                        6
Miscellaneous
 T - a lamp of fire
Comestibles
 e - 3 fruits
 f - 6 bread rations
 x - 10 meat rations
 J - 2 royal jellies


   Skills:
 * Level 12.4 Fighting
 * Level 9.3 Long Blades
 - Level 7.2 Axes
 - Level 4.7 Throwing
 * Level 11.5 Armour
 * Level 11.5 Dodging


You had 11 spell levels left.
You didn't know any spells.

Dungeon Overview and Level Annotations

Branches:
Dungeon (12/15)            Temple (1/1) D:4            Lair (0/6) D:11
    Orc (0/2) D:9

Altars:
Ashenzari
Cheibriados
Dithmenos
Elyvilon
Fedhas
Gozag
Kikubaaqudgha
Makhleb
Okawaru
Qazlal
Ru
Sif Muna
Trog
Uskayaw
Vehumet
Wu Jian
Xom
Zin
The Shining One

Shops:
D:4 *   D:8 *   D:9 [%   D:12 [

Annotations:
D:4 exclusion: oklob plant


Innate Abilities, Weirdness & Mutations

You reflexively headbutt those who attack you in melee.
You have a pair of horns on your head.


Message History

The slime creature misses you. The slime creature hits you.
You slash the large slime creature!
Lightning courses through the large slime creature!
You headbutt the large slime creature.
The large slime creature is heavily wounded.
You slash the slime creature!
You hit the slime creature but do no damage.
You hit the slime creature.
Lightning courses through the slime creature!
You slash the slime creature! The slime creature misses you.
The large slime creature hits you!! The slime creature misses you.
The slime creature closely misses you. The slime creature hits you.
The slime creature hits you! The large slime creature hits you!!
* * * LOW HITPOINT WARNING * * *
You hear two shouts!
The slime creature hits you!
* * * LOW HITPOINT WARNING * * *
The slime creature hits you!
You die...
Your body crumbles into a pile of gold.

#.# #.## .# #..#
#######.## ######'###
#......... ##........####
#......... .+........'..#
#.........
##........##.###.J.......
#........##...#JJJ......
#........####..@J.......
#####+#### ###..J......
#......... ####..####
#..# ...# ..# ..#


You could see a large slime creature, 4 slime creatures and a jelly.

Vanquished Creatures
  Snorg (D:11)
  An ice dragon (D:9)
  Erica (D:8)
  4 two-headed ogres
  An unseen horror (D:11)
  3 ugly things
  A manticore (D:11)
  A cyclops (D:11)
  Joseph (D:8)
  Psyche (D:11)
  A gargoyle (D:11)
  2 komodo dragons (D:11)
  A kobold demonologist (D:11)
  2 trolls (D:11)
  2 hornets
  Prince Ribbit (D:7)
  A merfolk (D:9)
  A slime creature (D:11)
  7 hippogriffs
  5 yaks (D:12)
  A hungry ghost (D:10)
  Menkaure (D:6)
  A soldier ant (D:11)
  2 black bears (D:7)
  7 sky beasts
  2 ice beasts
  A necrophage (D:8)
  4 orc warriors
  A phantom (D:7)
  8 ogres
  A centaur (D:11)
  A crocodile (D:10)
  6 bullfrogs
  2 big kobolds (D:11)
  A wyvern zombie (D:11)
  5 scorpions
  11 killer bees
  3 wights (D:6)
  5 howler monkeys
  A bullfrog zombie (D:8)
  5 crimson imps
  2 centaur zombies
  2 quasits
  4 orc priests
  5 orc wizards
  A centaur skeleton (D:10)
  5 hounds
  8 jellies
  6 iguanas
  9 worker ants
  2 worker ant zombies (D:11)
  11 adders
  A shadow imp (D:6)
  2 oozes
  2 adder skeletons
  2 worms
  3 dart slugs
  4 leopard geckos
  24 orcs
  3 ball pythons
  A giant cockroach (D:2)
  7 hobgoblins
  13 jackals
  4 quokkas
  7 bats
  6 frilled lizards
  9 goblins
  A jackal zombie (D:9)
  13 kobolds
  A leopard gecko skeleton (D:5)
  A leopard gecko zombie (D:8)
  A quokka skeleton (D:7)
  4 rats
271 creatures vanquished.

Vanquished Creatures (others)
  3 fungi (D:4)
  16 toadstools (D:4)
19 creatures vanquished.

Grand Total: 290 creatures vanquished

Notes
Turn   | Place    | Note
-------+----------+-------------------------------------------
     0 | D:1      | Chiseanne the Minotaur Gladiator began the quest for the Orb.
     0 | D:1      | Reached XP level 1. HP: 18/18 MP: 0/0
    27 | D:1      | Reached skill level 1 in Armour
    33 | D:1      | Reached XP level 2. HP: 15/25 MP: 1/1
   492 | D:1      | Reached XP level 3. HP: 29/30 MP: 2/2
   702 | D:1      | Reached skill level 3 in Fighting
  1090 | D:2      | Reached XP level 4. HP: 31/38 MP: 3/3
  1399 | D:3      | Reached skill level 4 in Fighting
  2176 | D:3      | Reached XP level 5. HP: 39/46 MP: 4/4
  2615 | D:4      | Reached skill level 5 in Axes
  3113 | D:4      | Reached XP level 6. HP: 49/53 MP: 5/5
  3182 | D:4      | Found Wiplerad's Assorted Antiques.
  3279 | D:4      | Found a blossoming altar of Fedhas.
  3302 | D:4      | Noticed an oklob plant
  3340 | D:4      | Found a staircase to the Ecumenical Temple.
  3368 | Temple   | Entered the Ecumenical Temple
  3430 | Temple   | Became a worshipper of Gozag Ym Sagoz the Greedy
  3457 | D:4      | Reached skill level 5 in Fighting
  3923 | D:5      | Entered Level 5 of the Dungeon
  3932 | D:5      | Found a shattered altar of Ashenzari.
  3961 | D:5      | Reached skill level 5 in Dodging
  4151 | D:5      | Reached XP level 7. HP: 23/61 MP: 6/6
  4869 | D:4      | Bought a scroll labeled HYOTWU WOJAOT for 33 gold pieces
  4869 | D:4      | Bought a white potion for 29 gold pieces
  4869 | D:4      | Bought a white potion for 29 gold pieces
  4869 | D:4      | Bought a pink potion for 29 gold pieces
  4869 | D:4      | Bought a sedimented golden potion for 29 gold pieces
  4933 | D:6      | Noticed Menkaure
  4941 | D:6      | Killed Menkaure
  4941 | D:6      | Reached skill level 6 in Fighting
  5131 | D:6      | Noticed a hippogriff
  5139 | D:6      | Killed a hippogriff
  5139 | D:6      | Reached skill level 5 in Armour
  5139 | D:6      | Reached XP level 8. HP: 61/71 MP: 7/7
  5651 | D:7      | Noticed Prince Ribbit
  5661 | D:7      | Killed Prince Ribbit
  5661 | D:7      | Reached skill level 7 in Fighting
  5964 | D:7      | Reached XP level 9. HP: 80/80 MP: 8/8
  6116 | D:7      | Reached skill level 8 in Fighting
  6508 | D:8      | Found a sacrificial altar of Ru.
  6510 | D:8      | Noticed Erica
  6527 | D:8      | Killed Erica
  6666 | D:8      | Reached skill level 1 in Long Blades
  6726 | D:8      | Found a deep blue altar of Sif Muna.
  6817 | D:8      | Noticed Joseph
  6823 | D:8      | Killed Joseph
  6823 | D:8      | Reached skill level 9 in Fighting
  6945 | D:8      | Reached XP level 10. HP: 91/91 MP: 9/9
  6980 | D:8      | Found Cismesink's Commerce Corner.
  7176 | D:9      | Found a runed door.
  7186 | D:9      | Noticed a two-headed ogre
  7186 | D:9      | Noticed an ice dragon
  7209 | D:9      | Killed an ice dragon
  7211 | D:9      | Killed a two-headed ogre
  7211 | D:9      | Reached skill level 10 in Fighting
  7315 | D:9      | Found a staircase to the Orcish Mines.
  7358 | D:9      | Reached skill level 5 in Long Blades
  7756 | D:9      | Found Depron's Food Boutique.
  8043 | D:9      | Reached XP level 11. HP: 101/101 MP: 10/10
  8104 | D:9      | Bought a +2 pair of gloves of archery for 322 gold pieces
  8111 | D:10     | Entered Level 10 of the Dungeon
  8564 | D:10     | Noticed a two-headed ogre
  8572 | D:10     | Killed a two-headed ogre
  8572 | D:10     | Reached skill level 10 in Dodging
  8764 | D:11     | Noticed Psyche
  8767 | D:11     | Paralysed by Psyche for 4 turns
  8773 | D:11     | Killed Psyche
  8773 | D:11     | Reached skill level 11 in Fighting
  8773 | D:11     | Reached skill level 10 in Armour
  8881 | D:11     | Noticed a two-headed ogre
  8887 | D:11     | Killed a two-headed ogre
  8888 | D:11     | Noticed a two-headed ogre
  8893 | D:11     | Killed a two-headed ogre
  8901 | D:11     | Killed an unseen horror
  9106 | D:11     | Noticed Snorg
  9118 | D:11     | Killed Snorg
  9186 | D:11     | Found a staircase to the Lair.
  9230 | D:11     | Noticed a sun demon
  9243 | D:11     | Noticed a white ugly thing
  9253 | D:11     | Killed a white ugly thing
  9271 | D:11     | Reached skill level 12 in Fighting
  9271 | D:11     | Reached XP level 12. HP: 102/112 MP: 11/11
 10142 | D:12     | Bought a pair of translucent boots for 209 gold pieces
 10159 | D:12     | Identified the +4 pair of boots of Soynomi {Int+4 Dex+3 Slay+2} (You bought it in a shop on level 12 of the Dungeon)
 10257 | D:12     | Slain by a slime creature

Vault maps used:
D:1:      shiori_shiawase, roderic_greek_sauvastika, minmay_tetromino_t4
D:3:      st_stairs_10, supply_closet_lemuel
D:4:      minmay_temple_entry_enclosed_plants, first_bread, serial_shops,
          shop_statue, tgw_fedhas
D:5:      basic_altar
D:6:      uniq_menkaure
D:7:      uniq_prince_ribbit1
D:8:      lemuel_blue_sif_altar, basic_altar, nicolae_alphabet_shops,
          uniq_joseph, uniq_erica
D:9:      orc_0_dummy, serial_shops, nicolae_shop_statue_plus, minmay_st_funbox,
          hangedman_fish_farm, moated_statue
D:10:     mrwooster_statue_mirror
D:11:     minmay_the_grid_octo_tiled_octocenter, serial_glass, glass_columns_b,
          glass_columns_b, uniq_psyche, uniq_snorg
D:12:     hex_intersection
Temple:   regret_index_temple_sigil_plot

Skill      XL: |  1  2  3  4  5  6  7  8  9 10 11 12 |
---------------+-------------------------------------+-----
Armour         | 1 2 3 5 6 8 9 11 | 11.5
Axes           | 4 5 6 7 |  7.2
Fighting       | 3 4 5 6 7 9 10 12 | 12.4
Dodging        | 4 5 6 7 8 9 11 | 11.5
Throwing       | 3 4 |  4.7
Long Blades    | 2 6 8 9 |  9.3

Action                   |  1- 3 |  4- 6 |  7- 9 | 10-12 || total
-------------------------+-------+-------+-------+-------++-------
Melee: War axe           |    73 |   112 |   111 |     2 ||   298
       Headbutt          |     8 |    21 |    37 |   101 ||   167
       Scimitar          |       |       |    34 |   328 ||   362
 Fire: Blowgun           |       |       |       |     4 ||     4
Invok: Potion Petition   |       |       |       |     1 ||     1
       Call Merchant     |       |       |       |     2 ||     2
Evoke: Wand              |       |       |     2 |     7 ||     9
  Use: Scroll            |       |    11 |    14 |     5 ||    30
       Potion            |       |       |     2 |     6 ||     8
 Stab: Distracted        |       |       |       |     9 ||     9
  Eat: Chunk             |     1 |     7 |       |       ||     8
       Fruit             |       |     5 |     1 |     4 ||    10
       Royal jelly       |       |     1 |       |       ||     1
       Bread ration      |       |       |     1 |     3 ||     4
Armor: Leather armour    |     4 |       |       |       ||     4
       Chain mail        |    45 |    56 |       |       ||   101
       Scale mail        |       |     2 |    71 |   105 ||   178
Dodge: Dodged            |    40 |    50 |   142 |   280 ||   512
       Rpst.: Scimitar   |       |       |     6 |    60 ||    66
